vs AT (daspoulos and Dusty)

Match 23412025
End
Construct Section Command Post
Dingo Light Scout Car
Selects Air and Sea Battlegroup
Infantry Section
Infantry Section
Infantry Section
Selects Supply Surplus
Construct Field Infirmary
Construct Platoon Command Post
6-pounder Anti-tank Gun Team
6-pounder Anti-tank Gun Team
Infantry Training
Grenade Package
Construct Resource Cache
Selects Centaur Medium Tank
Centaur Medium Tank
Centaur Medium Tank
Selects Naval Bombardment
Team Weapon Training
Naval Bombardment
Mike
☦Ashur
daspoulos
Dusty
0
0

Comments sign in to comment!

No comments posted yet!